 Dungeon Crawl Stone Soup version 0.27.1-2-g3b301248ec (webtiles) character file.

Game seed: 312099302771494347

96 DearestLeader the Conjurer (level 4, -4/27 HPs)
             Began as an Octopode Conjurer on Oct 4, 2021.
             Slain by a worm (9 damage)
             ... on level 3 of the Dungeon.
             The game lasted 00:03:55 (2133 turns).

DearestLeader the Conjurer (Octopode Conjurer)      Turns: 2133, Time: 00:03:55

Health: -4/27      AC:  1    Str:  6    XL:     4   Next: 67%
Magic:  2/7        EV: 17    Int: 20    God:
Gold:   102        SH:  0    Dex: 11    Spells: 4/7 levels left

rFire    . . .     SeeInvis .   e - +1 dagger (vamp)
rCold    . . .     Faith    .   (no shield)
rNeg     . . .     Spirit   .   (helmet restricted)
rPois    .         Reflect  .   (no amulet)
rElec    .         Harm     .   n - +4 ring of evasion
rCorr    .         Rampage  .   (no ring)
Will     .....                  (no ring)
Stlth    +++.......             (no ring)
HPRegen  0.09/turn              (no ring)
MPRegen  0.10/turn              (no ring)
                                (no ring)
                                (no ring)

@: no status effects
A: almost no armour, amphibious, 8 rings, camouflage 1, gelatinous body 1,
(nimble swimmer 1), tentacles
a: no special abilities


You were on level 3 of the Dungeon.
You visited 1 branch of the dungeon, and saw 3 of its levels.

You collected 102 gold pieces.

Inventory:

Hand Weapons
 e - a +1 vampiric dagger (weapon)
 m - a +3 whip
 o - a +0 hunting sling
Missiles
 c - 19 sling bullets
 j - 2 throwing nets
Jewellery
 n - a +4 ring of evasion (left tentacle)
Scrolls
 a - a scroll of teleportation {unknown}
 f - a scroll of identify {unknown}
 i - a scroll of summoning
Potions
 b - a potion of lignification {unknown}
 d - a potion of degeneration {unknown}
 g - a potion of invisibility {unknown}
 h - a potion of might {unknown}
 k - a potion of mutation {unknown}
 l - a potion of brilliance {unknown}


   Skills:
 - Level 2.0 Dodging
 + Level 4.3 Stealth
 - Level 2.0 Spellcasting
 * Level 5.4 Conjurations


You had 4 spell levels left.
You knew the following spells:

 Your Spells              Type           Power      Damage    Failure   Level
a - Magic Dart            Conj           92%        1d7       1%          1
b - Searing Ray           Conj           46%        3d4       2%          2

Your spell library contained the following spells:

 Spells                   Type           Power      Damage    Failure   Level
 Dazzling Flash           Conj/Hex       24%        N/A       16%         3
 Fulminant Prism          Conj/Hex       6%         3d7       45%         4
 Iskenderun's Mystic Bla  Conj/Tloc      12%        2d5       45%         4


Dungeon Overview and Level Annotations

Branches:
Dungeon (3/15)

Altars:

Shops:
D:1 :   D:2 !

Annotations:
D:3 Sigmund, Terence


Innate Abilities, Weirdness & Mutations

You cannot wear most types of armour.
You are amphibious.
You can wear up to eight rings at the same time.
Your skin changes colour to match your surroundings (Stealth+).
Your rubbery body absorbs attacks. (AC +1, EV +1)
((You are camouflaged near water. (Stealth+)))
You have tentacles for arms and can constrict up to eight enemies at once.


Message History

Found 18 stones.
Found a stone staircase leading down.
The jackal bites you.
A worm comes into view.
The jackal barely misses you.
You see here 18 stones.
Casting: Searing Ray (safe; 2% risk of failure)
Confirm with . or Enter, or press ? or * to list all spells.
Aiming: Searing Ray (safe; 2% risk of failure)
Press: ? - help, Shift-Dir - straight line, f - adder
Aim: an adder (63% to hit)
The searing ray hits the jackal.
You kill the jackal!
The searing ray hits the jackal!
You kill the jackal!
The searing ray hits the adder.
The adder is heavily wounded. (Press . to maintain the ray.)
The jackal barks!
The searing ray hits the adder!
You kill the adder!
The searing ray hits the ball python!
You kill the ball python!
The searing ray misses the hobgoblin.
The hobgoblin hits you.
The searing ray hits the hobgoblin.
You kill the hobgoblin!
The searing ray hits the jackal.
The jackal is severely wounded.
You finish channeling your searing ray.
You closely miss the jackal. Your grab misses the jackal.
The jackal is severely wounded.
The jackal barely misses you. The worm bites you!
* * * LOW HITPOINT WARNING * * *
You barely miss the jackal. You grab the jackal.
You squeeze the jackal, but do no damage.
The jackal is severely wounded.
You constrict the jackal, but do no damage.
The jackal barely misses you. The jackal misses you.
You barely miss the jackal.
The jackal is severely wounded.
You constrict the jackal. The worm bites you!
You die...

############ ##
#.......)..# #..
#..........# #..#
#.$........#
####...##..........####
......w@h††...........##
......###......###......
.................###....
.............#.....###..
......####...#......(###
.. .. #...#.....###.. #
# #?..#...###....
#...#.###...###
.>###...#.....###..


You could see a worm and a jackal.

Vanquished Creatures
  Jessica (D:2)
  3 adders
  4 ball pythons
  3 endoplasms
  A giant cockroach (D:1)
  2 goblins (D:1)
  4 hobgoblins
  4 jackals
  2 quokkas (D:1)
  3 bats
  5 frilled lizards
  5 kobolds
  5 rats
42 creatures vanquished.

Vanquished Creatures (others)
  4 fungi (D:1)
  A plant (D:1)
5 creatures vanquished.

Grand Total: 47 creatures vanquished

Notes
Turn   | Place    | Note
-------+----------+-------------------------------------------
     0 | D:1      | DearestLeader the Octopode Conjurer began the quest for the
                  | Orb.
     0 | D:1      | Reached XP level 1. HP: 11/11 MP: 3/3
   393 | D:1      | Found a faded altar of an unknown god.
   421 | D:1      | Reached XP level 2. HP: 17/17 MP: 0/5
   424 | D:1      | Learned a level 2 spell: Searing Ray
  1024 | D:1      | Found Vohunyca's Book Shoppe.
  1090 | D:1      | Reached XP level 3. HP: 21/21 MP: 6/6
  1330 | D:2      | Noticed Jessica
  1393 | D:2      | Killed Jessica
  1394 | D:2      | Reached skill level 5 in Conjurations
  1394 | D:2      | Reached XP level 4. HP: 27/27 MP: 3/7
  1852 | D:2      | Found Acafaece's Distillery.
  2041 | D:3      | Noticed Sigmund
  2042 | D:3      | Noticed Terence
  2133 | D:3      | Slain by a worm

Illustrated notes

Levels and vault maps discovered:
D:1:      dpeg_arrival_concentric_ovals, layout_basic,
          dreamdust_ecumenical_altar_grove, serial_shops, shop
D:2:      layout_rooms, serial_shops, nicolae_square_shop, minmay_misc_feat_x,
          uniq_jessica
D:3:      layout_rooms, okawaru_ov_weapons_minmay, minmay_unequal, uniq_terence,
          uniq_sigmund

Skill      XL: |  1  2  3 |
---------------+----------+-----
Stealth        | 3 4 |  4.3
Conjurations   | 5 |  5.4
Dodging        | |  2.0
Spellcasting   | |  2.0

Action                   |  1- 3 |  4- 6 || total
-------------------------+-------+-------++-------
Melee: Unarmed           |    23 |       ||    23
       Constrict         |    10 |     6 ||    16
       Tentacles         |     4 |     2 ||     6
       Dagger            |    13 |    35 ||    48
 Cast: Magic Dart        |    16 |       ||    16
       Searing Ray       |     4 |     3 ||     7
  Use: Scroll            |       |     1 ||     1
 Stab: Sleeping          |     2 |     5 ||     7
Armor: Skin              |     3 |     1 ||     4
Dodge: Dodged            |    26 |    25 ||    51
